 Dungeon Crawl Stone Soup version 0.17.1-1-g73c8601 (webtiles) character file.

162 Flanowski the Insei (level 5, -4/28 HPs)
             Began as a Vine Stalker Monk on Dec 30, 2015.
             Slain by a gnoll
             ... wielding a +0 halberd
              (5 damage)
             ... on level 3 of the Dungeon.
             The game lasted 00:06:11 (1968 turns).

Flanowski the Insei (Vine Stalker Monk)             Turns: 1968, Time: 00:06:11

Health: -4/28      AC:  4    Str: 13    XL:     5   Next: 43%
Magic:  0/6        EV: 14    Int: 13    God:
Gold:   210        SH:  0    Dex: 18    Spells: 0 memorised, 4 levels left

rFire  . . .     SeeInvis .       - Unarmed
rCold  . . .     Clarity  .     a - +0 robe
rNeg   . . .     SustAt   .     (no shield)
rPois  .         Gourm    .     k - +1 helmet
rElec  .         Spirit   +     (no cloak)
rCorr  .         Warding  .     (no gloves)
rMut   .         Stasis   .     (no boots)
MR     .....                    (no amulet)
Stlth  ++........               (no ring)
                                e - +3 ring of intelligence

@: not resistant to hostile enchantments, unstealthy
A: fangs 2, regeneration 1, magic shield, antimagic bite, no device heal 3, rot
immunity
a: no special abilities


You were on level 3 of the Dungeon.
You were not hungry.

You visited 1 branch of the dungeon, and saw 3 of its levels.

You collected 210 gold pieces.

Inventory:

Armour
 a - a +0 robe (worn)
 k - a +1 helmet (worn)
Jewellery
 e - a +3 ring of intelligence (left hand)
Scrolls
 d - a scroll of identify {unknown}
 j - a scroll of enchant weapon {unknown}
 m - a scroll of enchant armour {unknown}
 n - a scroll of teleportation {unknown}
 p - a scroll of blinking {unknown}
Potions
 c - a potion of lignification {unknown}
 f - a potion of heal wounds {unknown}
 g - a potion of might {unknown}
 i - a potion of brilliance {unknown}
 l - a potion of invisibility {unknown}
 s - 2 potions of curing {unknown}
Comestibles
 b - 3 bread rations
 h - 2 meat rations
 o - 4 fruits
 q - a slice of pizza
 r - a chunk of flesh


   Skills:
 * Level 3.4 Fighting
 * Level 3.7 Dodging
 + Level 2.8 Stealth
 * Level 4.8 Unarmed Combat


You had 4 spell levels left.
You didn't know any spells.

Dungeon Overview and Level Annotations

Branches:
Dungeon (3/15)

Altars:
The Shining One


Innate Abilities, Weirdness & Mutations

You have extremely sharp teeth.
Your natural rate of healing is unusually fast.
When hurt, damage is shared between your health and your magic reserves.
Your bite disrupts and absorbs the magic of your enemies.
Potions and wands cannot restore your health.
You are immune to rotting.


Message History

The gnoll shouts!
The gnoll completely misses you. The gnoll closely misses you.
You barely miss the gnoll. You bite the gnoll. You drain its power.
The gnoll is lightly wounded.
You barely miss the gnoll. You bite the gnoll, but do no damage.
The gnoll is lightly wounded.
The gnoll hits you with a halberd!
The gnoll hits you from afar with a halberd.
You hit the gnoll. Your bite misses the gnoll.
The gnoll is heavily wounded.
The gnoll hits you with a halberd. The gnoll closely misses you.
You hit the gnoll.
The gnoll is severely wounded.
The gnoll closely misses you. The gnoll misses you.
The gnoll closely misses you.
The gnoll hits you from afar with a halberd!
* * * LOW HITPOINT WARNING * * *
The gnoll hits you from afar with a halberd.
You die...

#.###........##..#
.....<...........##
.....>............
....#........##..# .#
.##...........#..# .#
####..........#..## #####.#
#>.........g...# ##......####
#...(......g...# #..#........
##((...(.(#.#@.# #.##........
####..##...(.#.##.####.##........
#..............##.............)..
#.........##...##.)##..##...†....
.K........##...###..#.###........
o##.......####.# ##.#.##..)......
####..##.......####...#.>..<.....
#####.####....###....#########
#.# #.....##...## #.....


You could see 2 gnolls.

Vanquished Creatures
  Ijyb (D:2)
  Robin (D:1)
  2 gnolls (D:3)
  2 adders
  4 giant geckos
  4 orcs (D:3)
  10 bats
  A giant cockroach (D:1)
  16 goblins
  8 hobgoblins
  6 jackals (D:1)
  9 kobolds
  6 giant newts
  11 rats
81 creatures vanquished.

Notes
Turn   | Place    | Note
--------------------------------------------------------------
     0 | D:1      | Flanowski the Vine Stalker Monk began the quest for the Orb.
     0 | D:1      | Reached XP level 1. HP: 11/11 MP: 2/2
    83 | D:1      | Reached XP level 2. HP: 8/16 MP: 1/3
   383 | D:1      | Reached XP level 3. HP: 18/20 MP: 4/4
   749 | D:2      | Noticed Robin
   880 | D:1      | Killed Robin
   880 | D:1      | Reached XP level 4. HP: 16/24 MP: 3/5
   974 | D:2      | Noticed Ijyb
  1008 | D:2      | Killed Ijyb
  1470 | D:3      | Reached XP level 5. HP: 22/28 MP: 4/6
  1717 | D:3      | Found a glowing golden altar of the Shining One.
  1968 | D:3      | HP: 1/28 [gnoll/halberd (11)]
  1968 | D:3      | Slain by a gnoll

Action                   |  1- 3 |  4- 6 || total
-------------------------+-------+-------++-------
Melee: Unarmed           |   138 |   113 ||   251
 Stab: Sleeping          |     3 |     1 ||     4
       Distracted        |       |     1 ||     1
  Eat: Chunk             |       |     4 ||     4
